 Dungeon Crawl Stone Soup version 0.30-a0-824-g6c64550be9 (webtiles) character file.

Game seed: 5214236323636819896

27 Pimp the Trooper (level 2, -4/24 HPs)
             Began as a Demonspawn Berserker on Feb 27, 2023.
             Was a Follower of Trog.
             Killed from afar by Terence (8 damage)
             ... with a puff of flame
             ... on level 2 of the Dungeon.
             The game lasted 00:01:28 (1087 turns).

Pimp the Trooper (Demonspawn Berserker)             Turns: 1087, Time: 00:01:29

Health: -4/24      AC:  2    Str: 17    XL:     2   Next: 93%
Magic:  2/2        EV: 17    Int:  8    God:    Trog [*.....]
Gold:   67         SH:  0    Dex: 12    Spells: 1/1 levels left

rFire   . . .      SeeInvis .    a - +0 hand axe
rCold   . . .      Faith    .    (no shield)
rNeg    . . .      Spirit   .    b - +0 animal skin
rPois   .          Reflect  .    (no helmet)
rElec   .          Harm     .    (no cloak)
rCorr   .          Rampage  .    (no gloves)
Will    .....                    (no boots)
Stlth   +                        (no amulet)
HPRegen 0.24/turn                (no ring)
MPRegen 0.08/turn                (no ring)

@: agile
A: powered by pain 1
a: Renounce Religion, Berserk


You were on level 2 of the Dungeon.
You worshipped Trog.
Trog was aware of your devotion.
You visited 1 branch of the dungeon, and saw 2 of its levels.

You collected 67 gold pieces.

Inventory:

Hand Weapons
 a - a +0 hand axe (weapon)
Missiles
 c - 3 poisoned darts (quivered)
Armour
 b - a +0 animal skin (worn)
Scrolls
 d - a scroll of immolation {unknown}
 e - a scroll of teleportation {unknown}


   Skills:
 + Level 3.3 Fighting
 + Level 3.0 Axes
 + Level 2.1 Armour
 + Level 2.1 Dodging


You had one spell level left.
You didn't know any spells.
Your spell library was empty.

Dungeon Overview and Level Annotations

Branches:
Dungeon (2/15)

Altars:

Annotations:
D:2 Terence


Innate Abilities, Weirdness & Mutations

You sometimes gain a little power by taking damage.


Message History

Found two robes.
There is a stone staircase leading up here.
Found 7 stones.
Terence the Incautious comes into view.
He is wielding a +2 mace of protection and carrying a wand of flame (12).
Terence shouts!
Found an escape hatch in the floor.
Found a stone staircase leading down.
Terence zaps a wand.
The puff of flame misses you.
You see here an inky potion.
Terence is nearby!
A dart slug comes into view.
A bat comes into view.
Terence screams, "I'm going to kill you!"
Terence zaps a wand.
The puff of flame hits you.
The bat moves out of view.
The dart slug launches a dart at you. The slug dart misses you.
The slug dart hits Terence but does no damage.
Terence hits you with a +2 mace of protection.
Terence hits you with a +2 mace of protection.
Terence closely misses you. The bat completely misses you.
You hit Terence but do no damage. You closely miss the bat.
The bat closely misses you. The dart slug launches a dart at you.
The slug dart misses you. Terence barely misses you.
The bat completely misses you. The bat barely misses you. Terence misses you.
You hit the bat.
You kill the bat!
Trog accepts your kill.
You hit Terence but do no damage. Terence closely misses you.
You hit Terence but do no damage. You hit the dart slug.
Terence hits you with a +2 mace of protection!
* * * LOW HITPOINT WARNING * * *
You focus on the pain.
You feel agile all of a sudden.
You hit the dart slug but do no damage.
The dart slug is moderately wounded.
You hit Terence but do no damage. The dart slug bites you.
* * * LOW HITPOINT WARNING * * *
Terence says, "You're history."
Terence zaps a wand.
The puff of flame hits you!
You die...

#.......##+#####
#...[..........
#.......##.#######
#.................
###+####.#.######
# #..........#
#.###.########.#
#..!............
#..##..@@..###+#
#.. #...w..#
#......(...#
#...####.......
..>># #........
###. #........ ..
#........ #
#........
#........


You could see Terence and a dart slug.

Vanquished Creatures
  A dart slug (D:1)
  A ball python (D:1)
  2 hobgoblins (D:1)
  2 jackals (D:1)
  2 kobolds (D:1)
  A quokka (D:1)
  4 bats
  8 frilled lizards (D:1)
  3 goblins (D:1)
  A rat (D:1)
25 creatures vanquished.

Vanquished Creatures (others)
  4 toadstools (D:1)
4 creatures vanquished.

Grand Total: 29 creatures vanquished

Notes
Turn   | Place    | Note
-------+----------+-------------------------------------------
     0 | D:1      | Pimp the Demonspawn Berserker began the quest for the Orb.
     0 | D:1      | Reached XP level 1. HP: 18/18 MP: 1/1
   276 | D:1      | Gained mutation: You sometimes gain a little power by
                  | taking damage. [demonic ancestry]
   276 | D:1      | Reached XP level 2. HP: 24/24 MP: 2/2
  1073 | D:2      | Noticed Terence
  1087 | D:2      | Killed from afar by Terence

Illustrated notes

Levels and vault maps discovered:
D:1:      ldierk_walled_garden_2, layout_basic, minmay_lizard_pond
D:2:      layout_basic, hellmonk_ecumenical_altar_heavens_door, minivault_19,
          minmay_misc_feat_tiny, uniq_terence

Skill      XL: |  1  2 |
---------------+-------+-----
Armour         | 2 |  2.1
Dodging        | 2 |  2.1
Axes           | 3 |  3.0
Fighting       | |  3.3

Action                     || total
---------------------------++-------
  Melee: Hand axe          ||    83
   Stab: Sleeping          ||     1
 Armour: Animal skin       ||    19
  Dodge: Dodged            ||    78

Table legend: (Time is in decaauts)
 A = Elapsed time spent in this place.
 B = Non-inter-level travel time spent in this place.
 C = Inter-level travel time spent in this place.
 D = Time resting spent in this place.
 E = Time spent auto-exploring this place.
 F = Levels seen in this place.
 G = Mean time per level.
                   A        B        C        D        E       F      G
               +--------+--------+--------+--------+--------+-----+--------+
         Total |   1106 |   1082 |     24 |    162 |    707 |   2 |  553.0 |
       Dungeon |   1106 |   1082 |     24 |    162 |    707 |   2 |  553.0 |
               +--------+--------+--------+--------+--------+-----+--------+

Top non-repeatable levels by time:
     D:1: 1079 daAuts
     D:2: 26 daAuts
